 Dungeon Crawl Stone Soup version 0.18-a0-1577-gf591c28 (webtiles) character file.

93 Fartwhistle the Slasher (level 4, 0/49 HPs)
             Began as a Human Gladiator on Mar 23, 2016.
             Succumbed to an adder's poison
             ... on level 2 of the Dungeon.
             The game lasted 00:02:13 (1409 turns).

Fartwhistle the Slasher (Human Gladiator)           Turns: 1409, Time: 00:02:13

Health: 0/49       AC:  4    Str: 20    XL:     4   Next: 92%
Magic:  4/4        EV: 18    Int: 10    God:
Gold:   73         SH:  0    Dex: 18    Spells: 0 memorised, 3 levels left

rFire  . . .     SeeInvis .     a - +0 long sword
rCold  . . .     Gourm    .     b - +0 leather armour
rNeg   . . .     Faith    .     (no shield)
rPois  .         Spirit   .     c - +0 helmet
rElec  .         Dismiss  .     (no cloak)
rCorr  .         Reflect  .     (no gloves)
SustAt .         Harm     .     (no boots)
MR     .....                    (no amulet)
Stlth  ..........               (no ring)
                                (no ring)

@: agile, berserking, lethally poisoned (0 -> -9), very quick, not resistant to
hostile enchantments, extremely unstealthy
A: no striking features
a: no special abilities


You were on level 2 of the Dungeon.
You were not hungry.

You visited 1 branch of the dungeon, and saw 2 of its levels.

You collected 73 gold pieces.

Inventory:

Hand Weapons
 a - a +0 long sword (weapon)
Missiles
 d - 3 throwing nets (quivered)
Armour
 b - a +0 leather armour (worn)
 c - a +0 helmet (worn)
 r - a +0 scale mail
Scrolls
 e - a scroll of fog {unknown}
 g - a scroll of remove curse {unknown}
 h - a scroll of random uselessness {unknown}
 i - a scroll of enchant weapon {unknown}
 k - 2 scrolls of identify {unknown}
 l - 2 scrolls of blinking {unknown}
 o - a scroll of teleportation {unknown}
Potions
 j - a potion of agility
 m - a potion of lignification {unknown}
Comestibles
 f - a bread ration
 n - a beef jerky


   Skills:
 - Level 2.0 Fighting
 + Level 5.2 Long Blades
 - Level 2.0 Throwing
 - Level 3.0 Dodging


You had 3 spell levels left.
You didn't know any spells.

Dungeon Overview and Level Annotations

Branches:
Dungeon (2/15)

Altars:
The Shining One


Message History

It was a potion of agility.
You feel agile all of a sudden.
* * * LOW HITPOINT WARNING * * *
You feel sick. The adder closely misses you.
The adder bites you but does no damage.
You hit the adder.
The adder is lightly wounded.
* * * LOW HITPOINT WARNING * * *
You feel sick. The adder misses you.
Drink which item? (? for menu, Esc to quit)
It was a potion of berserk rage.
A red film seems to cover your vision as you go berserk!
You feel yourself moving faster!
You feel mighty!
* * * LOW HITPOINT WARNING * * *
You feel sick. The adder bites you.
* * * LOW HITPOINT WARNING * * *
The adder barely misses you.
You slash the adder!
The adder is almost dead.
You die...

........ ....... # .
##....$##.. ..
##..........
...##.......[...
................ ...
#...S)...... #.#
#...@....... #.#
#.(.........
#.###........... ##
##.##(...........
.#######..(.)##.....##..
<รท.[..##...########## #
#####......# #.##...#
...##...#


You could see an adder.

Vanquished Creatures
  Jessica (D:2)
  Terence (D:2)
  A gnoll (D:1)
  2 dart slugs (D:1)
  A giant gecko (D:2)
  2 bats (D:1)
  A giant cockroach (D:1)
  5 goblins
  A hobgoblin (D:1)
  6 jackals (D:1)
  A kobold (D:1)
  3 giant newts
  2 rats (D:1)
27 creatures vanquished.

Notes
Turn   | Place    | Note
--------------------------------------------------------------
     0 | D:1      | Fartwhistle the Human Gladiator began the quest for the Orb.
     0 | D:1      | Reached XP level 1. HP: 16/16 MP: 1/1
   153 | D:1      | Reached XP level 2. HP: 20/22 MP: 2/2
   348 | D:1      | Found a glowing golden altar of the Shining One.
   650 | D:1      | Reached skill level 4 in Long Blades
   650 | D:1      | Reached XP level 3. HP: 25/27 MP: 3/3
  1178 | D:2      | Noticed Jessica
  1182 | D:2      | Killed Jessica
  1182 | D:2      | Reached XP level 4. HP: 17/33 MP: 4/4
  1345 | D:2      | Noticed Terence
  1358 | D:2      | Killed Terence
  1358 | D:2      | Reached skill level 5 in Long Blades
  1408 | D:2      | HP: 1/49 [adder (4)]
  1409 | D:2      | Succumbed to an adder's poison

Vault maps used:
D:1:      matt_arrival_diagonals, tso_metal_star
D:2:      nicolae_overflow_crystal_walls, uniq_iyjb, uniq_jessica, uniq_terence

Skill      XL: |  1  2  3  4 |
---------------+-------------+-----
Long Blades    | 4 5 |  5.2
Fighting       | |  2.0
Throwing       | |  2.0
Dodging        | |  3.0

Action                   |  1- 3 |  4- 6 || total
-------------------------+-------+-------++-------
Melee: Long sword        |    68 |    25 ||    93
  Use: Potion            |       |     2 ||     2
  Eat: Chunk             |       |     2 ||     2
